Match 39673148
Unlisted

Match 39673148
End
Panzergrenadier Squad
250 Light Carrier
Selects Italian Infantry
Panzergrenadier Squad
Construct Light Support Kompanie
2.5-tonne Medical Truck
MG34 Team
Advanced Field Repairs
Selects Guastatori Squad
Selects L6/40 Light Tank Combat Group
Guastatori Squad
Fire Support Elements
Selects Defensive Operations
Pak 38 Mechanized Group
2.5-tonne Medical Truck
Selects Prepared Positions
Veteran Squad Leaders
Construct Panzerarmee Kommand
Pak 38 Mechanized Group
Selects Obice 305mm Barrage
Combat Half-tracks
Obice 305mm Barrage
Pak 38 Anti-tank Gun Team
Technoboy
艾諾維特
ggbilli
春日
TidaL
员神高手
0
0

Comments sign in to comment!

No comments posted yet!